[Event "*** Titled Tuesday Blitz"]
[Site "Chess.com"]
[Date "2019.01.01"]
[Round "8"]
[White "fmshawnrl123"]
[Black "GeorgMeier"]
[Result "1/2-1/2"]
[WhiteElo "2557"]
[BlackElo "2820"]
[TimeControl "180+2"]
[EndTime "14:57:07 PST"]
[Termination "Game drawn by repetition"]

1. e4 e6 2. d4 d5 3. Nd2 dxe4 4. Nxe4 Nd7 5. Nf3 Ngf6 6. Bd3 c5 7. O-O Nxe4 8.
Bxe4 Nf6 9. Bd3 cxd4 10. Nxd4 Bc5 11. Nb3 Bd6 12. Bb5+ Bd7 13. Bxd7+ Qxd7 14. Qf3 Rc8 15. c3 Qc6 16. Qxc6+ Rxc6 17. Be3 a6 18. Rad1 Nd5 19. Bd4 O-O 20. Na5 Rc7 21. c4 Bb4 22.
cxd5 Bxa5 23. dxe6 fxe6 24. Rc1 Rfc8 25. Be3 Rc2 26.
g3 e5 27. Kg2 e4 28. a3 Kf7 29.
b4 Rxc1 30. Rxc1 Rxc1 31. Bxc1 Bc7 32. f3 exf3+ 33. Kxf3 Ke6 34. Ke4 h5 35. Be3 g6 36.
Bc5 Be5 37. a4 b5 38. axb5 axb5 39. Be3 Bc3 40. Bc5 Be1 41. Bf8 g5 42. Bc5 g4 43.
Bf8 Bf2 44. Bc5 Bxc5 45. bxc5 Kd7 46. Kd5 Kc7 47. Ke4 Kd7 48. Kd5 Kc7 49. Ke4 Kc6 50.
Kd4 Kb7 51. Kd5 Kc7 52. Ke4 Kd7 53. Kd5 Kc7 54. Ke4 Kb8 55. Kd4 Kb7 56. Kc3 Kc7 57. Kb3 Kd7 58. Kc3 Kc7 59. Kb3 Kb7 60. Kc3 Kc7 61. Kb3 Kd7 62. Kc3 Kc7 63. Kb3 Kb7 64.
Kc3 Kc7 1/2-1/2

[Event "*** Titled Tuesday Blitz"]
[Site "Chess.com"]
[Date "2019.01.01"]
[Round "8"]
[White "Mikhail_Golubev"]
[Black "joppie2"]
[Result "0-1"]
[WhiteElo "2517"]
[BlackElo "2746"]
[TimeControl "180+2"]
[EndTime "14:57:08 PST"]
[Termination "joppie2 won on time"]

1. e4 c5 2. Nf3 d6 3. d4 cxd4 4.
Nxd4 Nf6 5. Nc3 a6 6. Bc4 e6 7.
Bb3 Nbd7 8. O-O Nc5 9. f4 Be7 10. e5 Nfd7 11. exd6 Bxd6 12. Nxe6 Qb6 13. Nxg7+ Kf8 14.
Nf5 Nxb3+ 15. Be3 Bc5 16. Nd5 Qe6 17. axb3 Qxf5 18. Bxc5+ Nxc5 19. Qd4 Rg8 20. Qxc5+ Kg7 21. Qd4+ Kf8 22. Qb4+ Kg7 23. Ne7 Qf6 24. Nxg8 Kxg8 25. f5 Bd7 26. Rad1 Bc6 27. Rfe1 Qxf5 28. Rd3 Qf6 29.
Rg3+ Kh8 30. Qc3 Qxc3 31. bxc3 Rd8 32. Rge3 Kg7 33. Kf2 Rd5 34. c4 Rf5+ 35. Ke2 a5 36.
g3 Rf6 37. Rf1 Rh6 38. h4 Kf8 39. Rf4 Rd6 40. Rd3 Re6+ 41. Re3 Rd6 42. Rf5 a4 43. bxa4 Bxa4 44. c3 Bb3 45. c5 Bc4+ 46. Kf3 Rd1 47. Rfe5 Kg7 48. g4 h6 49. Kg3 Rg1+ 50. Kf3 Rf1+ 51. Kg2 Rc1 52. Rf3 Rd1 53. Kg3 Rg1+ 54. Kh3 Be6 55. Rg3 Rd1 56. Kg2 Kf6 57. Rh5 Kg6 58.
Re5 Kf6 59. Re2 Rd5 60. Rf2+ Kg6 61. Kf3 Rxc5 62. Ke3 Rxc3+ 63. Kf4 Rc4+ 64. Kf3 b5 65. Rb2 b4 0-1

[Event "*** Titled Tuesday Blitz"]
[Site "Chess.com"]
[Date "2019.01.01"]
[Round "8"]
[White "Babas"]
[Black "Manukyan_Artak"]
[Result "1/2-1/2"]
[WhiteElo "2289"]
[BlackElo "2387"]
[TimeControl "180+2"]
[EndTime "14:57:10 PST"]
[Termination "Game drawn by repetition"]

1. d4 d6 2. Bf4 Nf6 3. e3 g6 4. h3 Bg7 5. Be2 O-O 6. Nf3 c5 7.
c3 Qb6 8. Qc1 Nc6 9. O-O a5 10.
a4 Bf5 11. Na3 cxd4 12. exd4 Rac8 13. Bh6 Bxh6 14. Qxh6 Qxb2 15. Rfe1 Qxc3 16. Nb5 Qb4 17. Bf1 d5 18. Rec1 Be4 19. Qe3 Bxf3 20. gxf3 e6 21.
Rc5 Nd7 22. Rc3 Qe7 23. Rac1 Nb6 24. Ra1 Nb4 25. Rac1 Rxc3 26. Rxc3 Rc8 27. Rxc8+ Nxc8 28. Qe5 Nb6 29. Qb8+ Kg7 30. Qa7 Nxa4 31. Qxa5 Nb2 32. Qa8 Nc4 33. Qb8 Nc6 34. Qa8 h5 35. Qc8 Nd2 36.
Nc7 Nxf3+ 37. Kg2 Nh4+ 38. Kh1 Kf6 39. Qxb7 Nxd4 40. Qb8 Kf5 41. Bd3+ Kg5 42. Ne8 e5 43. Nd6 Ndf5 44. Bxf5 Nxf5 45. Nb5 d4 46. Qa8 e4 47.
Qb8 e3 48. h4+ Kxh4 49. Qf4+ Kh3 50. Qf3+ Kh4 51. Qf4+ Kh3 52. Qf3+ Kh4 53. Qf4+ Kh3 54.
Qf3+ Kh4 55. Qf4+ Kh3 1/2-1/2

[Event "*** Titled Tuesday Blitz"]
[Site "Chess.com"]
[Date "2019.01.01"]
[Round "8"]
[White "dmosesov"]
[Black "esteban062000"]
[Result "1-0"]
[WhiteElo "2359"]
[BlackElo "2191"]
[TimeControl "180+2"]
[EndTime "14:57:23 PST"]
[Termination "dmosesov won by checkmate"]

1. e4 c5 2. Nf3 g6 3. d4 cxd4 4. Qxd4 Nf6 5. e5 Nc6 6. Qa4 Nd5 7. Qe4 Nb6 8. Nc3 d5 9. exd6 Bf5 10. dxe7 Bxe7 11.
Qf4 O-O 12. Be2 Re8 13. O-O Bd6 14. Qh6 Bf8 15. Qg5 Qxg5 16. Bxg5 Bxc2 17. Rac1 Bf5 18. Bb5 Bg7 19. h3 Rac8 20. Rfd1 a6 21. Bxc6 Rxc6 22. Nd4 Rd6 23. Nxf5 Rxd1+ 24. Rxd1 gxf5 25. Kf1 Nc4 26. Rd7 Nxb2 27. Nd5 Nc4 28. Rxb7 h6 29. Be7 Nd2+ 30. Ke2 Ne4 31. f3 Nc5 32. Rc7 Ne6 33. Ra7 Nc5 34. Kd2 Ne6 35. Rxa6 h5 36. Rd6 Bh6+ 37. Kd1 Rc8 38. Nf6+ Kh8 39. Nxh5 Rc1+ 40. Ke2 Rc2+ 41. Kd3 Rxa2 42. Rb6 Rd2+ 43. Kc3 Rd7 44. Bf6+ Kh7 45. Be5 Kg6 46. g4 fxg4 47. hxg4 Bd2+ 48. Kc2 Be3 49. Rb8 Nd4+ 50. Kb2 Nc6 51. Rg8+ Kh6 52. Bg7+ Kg5 53.
Bd4+ Kh6 54. Bxe3+ Kh7 55. Nf6# 1-0

[Event "*** Titled Tuesday Blitz"]
[Site "Chess.com"]
[Date "2019.01.01"]
[Round "8"]
[White "Jbd735"]
[Black "shnitez"]
[Result "1/2-1/2"]
[WhiteElo "2468"]
[BlackElo "2556"]
[TimeControl "180+2"]
[EndTime "14:57:26 PST"]
[Termination "Game drawn by repetition"]

1. e4 e5 2. Nf3 Nc6 3. Bb5 a6 4.
Ba4 Nf6 5. O-O b5 6. Bb3 Bb7 7. d4 Nxd4 8. Bxf7+ Kxf7 9. Nxe5+ Kg8 10. Qxd4 d6 11.
Nf3 Nxe4 12. Nc3 c5 13. Qe3 Qe7 14. Re1 Nxc3 15. Qxe7 Bxe7 16. Rxe7 Bxf3 17. bxc3 Bg4 18. c4 Kf8 19. Rb7 bxc4 20. Bb2 Rg8 21. Re1 Bc8 22. Rc7 Rb8 23. Bc1 Bf5 24. Bf4 Rd8 25. Bg5 Re8 26. Be7+ Kf7 27. Bxd6+ Kg6 28. Rxe8 Rxe8 29. f3 Bxc2 30.
Rxc5 Bd3 31. Be5 h6 32. g4 Re7 33. Kf2 Kf7 34. f4 g5 35. f5 Rd7 36. h3 Re7 37.
Ke3 Bf1 38. Kf3 Bd3 39. Bc3 Be2+ 40. Kf2 Bd3 41. Rc6 Re2+ 42. Kf3 Be4+ 43. Kxe2 Bxc6 44. Kf2 Bd5 45. Kg3 Be4 46. h4 Bd3 47. hxg5 hxg5 48.
Bd2 Kf6 49. Bc3+ Kf7 50. a3 Bc2 51. Bd2 Kf6 52. Bc3+ Kf7 53. Bd4 Bd1 54. Bc3 Be2 55. Bd4 a5 56. Bc3 a4 57. Bd4 Bd1 58. Bc3 Ke7 59.
Bd4 Kf7 60. Bc3 Be2 61. Bd4 Bd1 62. Bc3 Be2 63. Bd4 Bd1 64. Bc3 Be2 65. Bd4 Bd1 1/2-1/2

[Event "*** Titled Tuesday Blitz"]
[Site "Chess.com"]
[Date "2019.01.01"]
[Round "8"]
[White "TheBigBoss04"]
[Black "gmjlh"]
[Result "1/2-1/2"]
[WhiteElo "2524"]
[BlackElo "2642"]
[TimeControl "180+2"]
[EndTime "14:57:32 PST"]
[Termination "Game drawn by agreement"]

1. c4 b6 2. Nf3 Bb7 3. g3 Bxf3 4. exf3 c5 5. d4 g6 6. Bg2 Nc6 7. dxc5 bxc5 8. O-O Bg7 9. Nc3 Nd4 10. f4 Nh6 11. b3 O-O 12. Bb2 Rb8 13. Rc1 d6 14.
Re1 Nhf5 15. Ba1 e6 16. Ne4 Qa5 17. Qd2 Qxd2 18. Nxd2 a5 19. Bc3 a4 20. bxa4 Rfd8 21. a5 d5 22. Kf1 Ra8 23. Red1 Ra7 24. Rb1 Nc2 25. Bxg7 Kxg7 26. Nb3 Rc8 27. cxd5 c4 28. Nd2 exd5 29. Bxd5 Nfe3+ 30. fxe3 Nxe3+ 31. Kf2 Nxd5 32. Rdc1 Rxa5 33. Rxc4 Rxc4 34. Nxc4 Rxa2+ 35. Kg1 Kf6 36. Rb2 Rxb2 37. Nxb2 Kf5 38. Kf2 Ke4 39. Nc4 f6 40. Nd6+ Kd3 41. Kf3 Nc3 42. Ne8 Ne4 43. Nc7 Nd2+ 44.
Kf2 Ke4 45. Ne6 Kf5 46. Nd4+ Ke4 47. Ne6 Nb3 48. Nf8 Kf5 49. Nxh7 Nd4 50. Nf8 g5 51. Ke3 Nc6 52. fxg5 fxg5 53. h3 g4 54. h4 Ne5 55.
Nh7 Nd7 56. Ng5 Nf6 57. Nf7 Kg6 58. Ne5+ Kf5 59. Nd3 Ne4 60. h5 1/2-1/2

[Event "*** Titled Tuesday Blitz"]
[Site "Chess.com"]
[Date "2019.01.01"]
[Round "8"]
[White "novocane"]
[Black "Tulipaz"]
[Result "0-1"]
[WhiteElo "2123"]
[BlackElo "2453"]
[TimeControl "180+2"]
[EndTime "14:57:33 PST"]
[Termination "Tulipaz won by resignation"]

1. d4 d5 2. c4 c6 3. cxd5 cxd5 4. Bf4 Nc6 5. e3 Nf6 6. Nc3 e6 7. Bd3 Be7 8. Rc1 O-O 9. h3 Bd7 10. Nf3 Qb6 11. Qe2 Rfc8 12. O-O Be8 13. Ne5 Nxe5 14. Bxe5 Nd7 15. Qh5 g6 16. Qh6 Nxe5 17. dxe5 Qxb2 18. Rc2 Qa3 19. Rfc1 a6 20. Nxd5 Qxc1+ 21. Rxc1 Rxc1+ 22. Kh2 exd5 23. e6 fxe6 24. h4 Rd1 25. Bc2 Rd2 26. Bb1 Bd6+ 27. f4 Rb2 28. Bd3 Rd2 29. Bb1 Rd1 30. Bc2 Rc1 31. Bd3 Bf8 32. Qg5 Rc3 33.
Bb1 Rxe3 34. h5 Kg7 35. h6+ Kg8 36. f5 Re5 37. Qf6 Rxf5 38. Qxe6+ Bf7 39. Qd7 Rh5+ 40. Kg1 b5 41. Qb7 Rd8 42. Bd3 d4 43. Qxa6 Rxh6 44. Qf6 Rd7 45. Qf4 Rh5 46. Be2 Rhd5 47. Bd3 R5d6 48.
Qe4 Rd8 49. Qb7 b4 50. Qxb4 Rf6 51. Qe1 Rdd6 52. a4 Rfe6 53. Qd2 Re3 54. a5 Ree6 55. a6 Rxa6 56. Bxa6 Rxa6 57. Qxd4 Re6 58. Qd3 Re5 59. Qd4 Bc5 0-1

[Event "*** Titled Tuesday Blitz"]
[Site "Chess.com"]
[Date "2019.01.01"]
[Round "8"]
[White "nurmiTV"]
[Black "ama18"]
[Result "0-1"]
[WhiteElo "2612"]
[BlackElo "2471"]
[TimeControl "180+2"]
[EndTime "14:57:36 PST"]
[Termination "ama18 won by resignation"]

1. c4 c5 2. g3 g6 3. Bg2 Bg7 4. Nf3 Nc6 5. O-O e6 6. Nc3 Nge7 7. a3 O-O 8. b4 cxb4 9. axb4 Nxb4 10. d4 d5 11. c5 Nbc6 12. Bg5 h6 13. Bxe7 Nxe7 14. Qb3 Nc6 15. e3 Na5 16. Qa2 Nc4 17. Rfb1 e5 18. Nxd5 Be6 19. Qxc4 Bxd5 20. Qc2 exd4 21. exd4 Re8 22.
Rd1 a5 23. Ne5 Bxg2 24. Kxg2 Qd5+ 25. Nf3 Re7 26. Qc3 a4 27. Qc2 a3 28. Ra2 g5 29. h3 h5 30. g4 hxg4 31. hxg4 Re4 32. Rd3 Rxg4+ 33. Kf1 Re8 34. Raxa3 Rge4 35. Rd1 g4 36.
Ng1 Rxd4 37. Rad3 Rxd3 38. Rxd3 Qe4 39. Qb3 Bd4 40. Qc2 Bxc5 41. Qd1 Qf4 42. Qc2 b6 43. Rb3 Qe4 44. Qd1 Qc4+ 45. Kg2 Qe4+ 46. Kf1 Qd4 47. Qxd4 Bxd4 48. Rb4 Bc5 49. Rxg4+ Kf8 50.
Ne2 b5 51. Rg5 Rc8 52. Rg3 b4 53. Rb3 Ke7 54. Nf4 Kd6 55. Nd3 Rb8 56. Ke2 Kd5 57. Nb2 Bd4 58. Rd3 Kc5 59. Rb3 Bxb2 60. Rxb2 Kc4 61.
Kd2 b3 62. Rb1 Rd8+ 63. Ke3 Kc3 64. Ke4 Kc2 65. Rg1 b2 66. Kf5 b1=Q 67. Rxb1 Kxb1 68. Kf6 Rd7 69. f4 Kc2 70. f5 Kd3 71. Kg7 Ke4 72.
f6 Ke5 0-1

[Event "*** Titled Tuesday Blitz"]
[Site "Chess.com"]
[Date "2019.01.01"]
[Round "8"]
[White "SimonKnightRivendell"]
[Black "enriquetejedor"]
[Result "1/2-1/2"]
[WhiteElo "1990"]
[BlackElo "2511"]
[TimeControl "180+2"]
[EndTime "14:57:36 PST"]
[Termination "Game drawn by repetition"]

1. d4 Nf6 2. c4 e6 3. Nf3 b6 4. g3 Bb7 5. Bg2 c5 6. O-O Be7 7. Nc3 cxd4 8. Nxd4 Qc8 9. e4 Qxc4 10. Bf4 d6 11.
Ndb5 e5 12. Bg5 Qc6 13. Bxf6 gxf6 14. Nd5 Bd8 15. Rc1 Qxb5 16. Qg4 Bxd5 17. exd5 Kf8 18. Rc8 Qe8 19. Rfc1 h5 20. Qb4 Kg7 21. Qxd6 Be7 22. Rxe8 Bxd6 23. Rxh8 Kxh8 24. Rc8+ Kg7 25. Rd8 Be7 26.
Re8 Bd6 27. Rd8 Be7 28. Re8 a5 29. Rxe7 Na6 30. d6 Rd8 31. d7 Nc5 32. Bc6 f5 33. Rxe5 Ne6 34. Rd5 Kf6 35. f4 h4 36. Kf2 hxg3+ 37.
hxg3 Rh8 38. Ke3 Nd8 39. Bb5 Rh2 40. Rd6+ Ke7 41. Rxb6 Rxb2 42. a4 Rb3+ 43. Kf2 Rc3 44. Rh6 Rc2+ 45. Kf3 Ne6 46. Rh8 Rd2 47. Re8+ Kf6 48. Ke3 Rd6 49. Ra8 Ke7 50. Rxa5 Nc7 51. Ra7 Nxb5 52. axb5 Rb6 53. Kd4 Rxb5 54. d8=Q+ Kxd8 55. Rxf7 Ke8 56. Ra7 Kf8 57. Ke3 Rb4 58. Kf2 Rb2+ 59.
Kf3 Rb3+ 60. Kg2 Rb1 61. Kh3 Rh1+ 62. Kg2 Rh6 63. Kf3 Rc6 64. Ra5 Rf6 65. g4 fxg4+ 66. Kxg4 Rg6+ 67. Kf5 Rc6 68. Kg5 Rb6 69. f5 Rc6 70.
Ra7 Rb6 71. f6 Rb1 72. Ra8+ Kf7 73. Ra7+ Kf8 74. Ra8+ Kf7 75. Ra7+ Kf8 76. Ra8+ Kf7 77. Ra7+ Kf8 78. Ra8+ Kf7 79. Ra7+ 1/2-1/2

[Event "*** Titled Tuesday Blitz"]
[Site "Chess.com"]
[Date "2019.01.01"]
[Round "8"]
[White "Shivagami"]
[Black "Siemba"]
[Result "0-1"]
[WhiteElo "2137"]
[BlackElo "2139"]
[TimeControl "180+2"]
[EndTime "14:57:42 PST"]
[Termination "Siemba won by resignation"]

1. d4 Nf6 2. Bf4 g6 3. e3 Bg7 4. Nf3 O-O 5. Be2 d6 6. O-O b6 7.
h3 Bb7 8. a4 Nbd7 9. a5 Rc8 10.
Nbd2 Re8 11. c3 e5 12. Bg3 Ne4 13. Nxe4 Bxe4 14. d5 Nf6 15. c4 c6 16. dxc6 Bxc6 17. axb6 axb6 18. Qb3 Ne4 19. Bh4 g5 20. Bg3 Nxg3 21.
fxg3 h6 22. Nd2 d5 23. cxd5 Bxd5 24. Bc4 Bxc4 25. Nxc4 Qd5 26. Na5 Qxb3 27. Nxb3 Rc2 28. Ra7 Rf8 29. Rf2 Rxf2 30. Kxf2 Rc8 31. Kf3 f5 32. e4 Rc2 33. exf5 Rxb2 34. Nc1 e4+ 35.
Kxe4 Rxg2 36. g4 Rg3 37. Nd3 Rxh3 38. Ne5 Rg3 39. Ng6 Rxg4+ 40. Kd5 Rd4+ 41. Ke6 Re4+ 42. Kd5 Re1 43. Rb7 g4 44. Rxb6 g3 45. Nf4 Re5+ 46. Kd6 Rxf5 47. Ng2 Rf2 48. Nh4 g2 49. Rb1 Rd2+ 50.
Ke6 Bd4 51. Rb8+ Kh7 52. Rb7+ Bg7 53. Rb1 Re2+ 54. Kf7 Bd4 55. Nf3 Rf2 56. Ke6 Rxf3 57. Rb7+ Bg7 58. Rb1 Rf1 0-1

[Event "*** Titled Tuesday Blitz"]
[Site "Chess.com"]
[Date "2019.01.01"]
[Round "8"]
[White "Pakarma"]
[Black "Boundless_Strike"]
[Result "0-1"]
[WhiteElo "2446"]
[BlackElo "2477"]
[TimeControl "180+2"]
[EndTime "14:57:42 PST"]
[Termination "Boundless_Strike won by resignation"]

1. e4 e6 2. d4 d5 3. Nc3 Bb4 4. e5 c5 5. a3 Bxc3+ 6. bxc3 Ne7 7. a4 b6 8. Nf3 Ba6 9. Bd3 Bxd3 10.
cxd3 Nbc6 11. dxc5 bxc5 12. Ba3 Qa5 13. O-O O-O 14.
d4 cxd4 15. cxd4 Rfc8 16. Bc5 Ng6 17. Rc1 Ncxe5 18. Nxe5 Nxe5 19. Qe2 Nd7 20. Qc2 Rc6 21. Bb4 Rxc2 22. Bxa5 Rc4 23. Rxc4 dxc4 24. Rb1 Nf6 25. Kf1 Nd5 26. Ke2 g5 27. Kd2 Kg7 28. Kc2 Rc8 29. Rb7 a6 30. g3 Kg6 31. h3 h5 32. Ra7 Rc6 33. Ra8 Kf5 34. Rh8 Ke4 35.
Rxh5 f6 36. h4 g4 37. Bc3 Kf3 38. Rh8 Kxf2 39. Rg8 Kxg3 40. Be1+ Kf3 41. h5 Rc7 42. h6 Rh7 43. Rg6 Kf4 44. Bd2+ Kf5 45. Rg7 Rxg7 46. hxg7 Ne7 47. Kc3 Kg6 48. Kxc4 Kxg7 49. Kc5 Nd5 50.
Kd6 Kf7 51. Kc6 f5 52. Kb7 f4 53. Kxa6 g3 54. Be1 Nb4+ 55. Kb5 Nc2 56. a5 Nxe1 57. a6 g2 58. a7 g1=Q 59. a8=Q Qxd4 60. Qb7+ Kf6 61. Qc8 Qd5+ 62. Kb6 Nd3 63. Qh8+ Kf5 64. Qh5+ Ke4 65. Qh1+ f3 66. Qh7+ Ke3 67. Qh6+ Ke2 68. Qh1 f2 69. Qh2 Ke1 70. Qg3 Qe4 71. Ka7 e5 72. Kb8 Qf4 73. Qxd3 e4+ 0-1

[Event "*** Titled Tuesday Blitz"]
[Site "Chess.com"]
[Date "2019.01.01"]
[Round "8"]
[White "Obito24"]
[Black "sunloong"]
[Result "1-0"]
[WhiteElo "2626"]
[BlackElo "1883"]
[TimeControl "180+2"]
[EndTime "14:57:44 PST"]
[Termination "Obito24 won by resignation"]

1. c4 Nf6 2. Nc3 g6 3. g3 Bg7 4.
Bg2 d6 5. e4 O-O 6. Nge2 c5 7.
O-O Nc6 8. d3 Ne8 9. Be3 Nc7 10.
d4 cxd4 11. Nxd4 Ne6 12. Nde2 a6 13. Qd2 Ne5 14. b3 Ng4 15. a4 Nxe3 16. Qxe3 Rb8 17. Rfd1 Nc5 18. Rab1 Bd7 19. f4 Bc6 20. e5 Bxg2 21.
Kxg2 Qc7 22. exd6 exd6 23. Nd5 Qd8 24. Qf3 Re8 25. Nec3 Qc8 26. g4 f5 27. g5 Ne4 28.
Nxe4 fxe4 29. Qe2 Qf5 30. Re1 b5 31. h3 e3 32. Qg4 Qe4+ 33. Qf3 Qc2+ 34. Qe2 Qe4+ 35.
Qf3 Qc2+ 36. Kg3 bxa4 37. Nxe3 Qd3 38. Rbd1 Qxb3 39. f5 Be5+ 40. Kg4 gxf5+ 41. Nxf5 Qxc4+ 42. Re4 Qe6 43. Rxa4 Rf8 44. Qd5 Qxd5 45. Rxd5 Rb3 46.
Nh6+ Kg7 47. Rxa6 Rg3+ 48. Kh4 Rf4+ 49. Ng4 Rff3 50. Ra7+ Kg6 51. Nxe5+ dxe5 52. Rd6+ Kf5 53. Rf6+ Ke4 54. Rxf3 Rxf3 55. Rxh7 Kd3 56. Rd7+ Kc4 57. g6 e4 58. g7 Rf4+ 59. Kh5 Rf5+ 60. Kh6 Rf6+ 61. Kh7 Re6 62. g8=Q e3 63. Qxe6+ 1-0

[Event "*** Titled Tuesday Blitz"]
[Site "Chess.com"]
[Date "2019.01.01"]
[Round "8"]
[White "Muracle"]
[Black "mouseWLZ"]
[Result "0-1"]
[WhiteElo "2524"]
[BlackElo "2411"]
[TimeControl "180+2"]
[EndTime "14:57:46 PST"]
[Termination "mouseWLZ won by checkmate"]

1. Nf3 e6 2. g3 d5 3. Bg2 Nf6 4. O-O c5 5. d4 cxd4 6. Nxd4 e5 7. Nb3 Be6 8. c4 Nc6 9. cxd5 Bxd5 10. Nc3 Bxg2 11. Kxg2 Be7 12. Be3 O-O 13. Rc1 Rc8 14.
Nc5 Nd4 15. Nb3 Nf5 16. Bxa7 Qe8 17. e4 Nd6 18. f3 Nc4 19. Qe2 Qc6 20. Bf2 b5 21.
Rfd1 h5 22. Nd5 Nxd5 23. Rxd5 Qa6 24. a3 h4 25. Nc5 Bxc5 26. Bxc5 Rfe8 27. gxh4 Qh6 28.
Rg1 Qxh4 29. Bf2 Qh5 30. Kh1 Red8 31. Bg3 Rxd5 32. exd5 Rd8 33. b3 Nxa3 34. Bxe5 g6 35. Bb2 b4 36. Rd1 Nb5 37. d6 Qf5 38. d7 Nc7 39. Kg2 Rxd7 40. Rxd7 Qxd7 41. Qe5 Kf8 42. Qc5+ Qe7 43. Bg7+ Ke8 44. Qc6+ Qd7 45. Qe4+ Qe7 46. Qc6+ Qd7 47. Qc2 Nd5 48. Qe4+ Qe6 49. Be5 f6 50.
Qxg6+ Ke7 51. Qg7+ Ke8 52. Qh8+ Ke7 53. Qh7+ Ke8 54. Qh5+ Ke7 55. Bg3 Ne3+ 56. Kg1 Qxb3 57. Qc5+ Kf7 58. Qc7+ Kg6 59. Kf2 Qd3 60. Bf4 Qd2+ 61.
Kg3 Qg2+ 62. Kh4 Nf5# 0-1

[Event "*** Titled Tuesday Blitz"]
[Site "Chess.com"]
[Date "2019.01.01"]
[Round "8"]
[White "Jospem"]
[Black "mitrabhaa"]
[Result "0-1"]
[WhiteElo "2792"]
[BlackElo "2617"]
[TimeControl "180+2"]
[EndTime "14:57:46 PST"]
[Termination "mitrabhaa won by checkmate"]

1. c4 b6 2. Nf3 Bb7 3. Nc3 g6 4. d4 Bg7 5. e4 d6 6. Be3 Nd7 7. h3 e5 8. d5 Ne7 9. g4 O-O 10. Rg1 Kh8 11. Bd3 f5 12. gxf5 gxf5 13. Ng5 f4 14.
Ne6 fxe3 15. Rxg7 exf2+ 16. Kf1 Qe8 17. Qg4 Ng6 18. Nxc7 Nf6 19. Nxe8 Nxg4 20. hxg4 Bc8 21. Rxg6 hxg6 22. Nc7 Bxg4 23. Kg2 Rac8 24. N7b5 Rf6 25. Be2 Bxe2 26. Nxe2 Rxc4 27. Nbc3 b5 28. a3 a5 29. Ng3 b4 30. axb4 axb4 31. Na4 Rc2 32. Rf1 Kg7 33. b3 Kh6 34. Nb6 Kg7 35. Nc4 Kf8 36. Nh1 Rc3 37. Na5 Re3 38. Rxf2 Rf4 39. Ng3 Ke7 40.
Nc6+ Kd7 41. Nxb4 Rxb3 42. Nc6 Ke8 43. Na5 Rc3 44. Nc6 Re3 45. Na5 Rg4 46. Rf3 Rexe4 47. Nb7 Ke7 48. Na5 Ra4 49. Nc6+ Ke8 50. Rb3 Kf7 51.
Rb7+ Kf6 52. Rb3 Kg5 53. Nd8 Kh4 54. Nf7 Ra2+ 55. Kf1 Rxg3 56. Rb4+ Kh3 57. Nxd6 Rc3 58. Rb1 Kh2 59. Ne4 Rf3+ 60. Ke1 Re3+ 61. Kf1 Rxe4 62. d6 Rg4 63. d7 Rg1# 0-1

[Event "*** Titled Tuesday Blitz"]
[Site "Chess.com"]
[Date "2019.01.01"]
[Round "8"]
[White "Naruto-K"]
[Black "Slovak_fighter2000"]
[Result "0-1"]
[WhiteElo "2480"]
[BlackElo "2455"]
[TimeControl "180+2"]
[EndTime "14:57:46 PST"]
[Termination "Slovak_fighter2000 won on time"]

1. d4 Nf6 2. Bf4 d5 3. e3 c5 4. c3 Nc6 5. Nd2 cxd4 6. exd4 e6 7. Ngf3 Nh5 8. Be3 Bd6 9. Ne5 g6 10. g4 Ng7 11. h4 Nxe5 12. dxe5 Bxe5 13. Nf3 Bd6 14.
h5 gxh5 15. gxh5 Nf5 16. Bg5 Be7 17. Bf4 Bd6 18. Bb5+ Bd7 19. Bxd6 Nxd6 20. Bd3 Qf6 21. Qe2 O-O-O 22. O-O-O Qf4+ 23. Kb1 Ne4 24. Rh4 Qf6 25. Qe3 Kb8 26. Rf4 Qg7 27. Bxe4 dxe4 28. Rxe4 Bc6 29. Red4 Rxd4 30. Nxd4 Bd5 31. c4 Qg4 32. Rc1 Qe4+ 33.
Ka1 Qxe3 34. fxe3 Be4 35. Rf1 Rg8 36. a3 e5 37. Nb5 f5 38. Nd6 Bd3 39. Rd1 e4 40.
Nxf5 Bxc4 41. Rc1 Bd3 42. Ka2 Rg5 43. Nd6 a6 44. Rc8+ Ka7 45. Rc7 Kb6 46. Rxh7 Kc6 47. Rh6 Kd5 48. Kb3 b5 49. Kb4 Rg3 50. Nf5 Rh3 51.
Ka5 Ke5 52. Nd4 Rxe3 53. Nc6+ Kf4 54. Rh8 Re2 55. h6 Rxb2 56. h7 Rh2 57. Rf8+ Ke3 58.
h8=Q Rxh8 59. Rxh8 Kd2 60. Nb4 Bc4 61. Rh2+ Kc3 62. Nc2 Bd3 63. Ne3 Kb3 64. Rh6 Kxa3 65. Rxa6 b4 66. Ra8 b3 67. Kb6+ Kb4 68. Kc6 Bb5+ 69.
Kd5 b2 0-1

[Event "*** Titled Tuesday Blitz"]
[Site "Chess.com"]
[Date "2019.01.01"]
[Round "8"]
[White "riconaipe"]
[Black "DrMelekess"]
[Result "1-0"]
[WhiteElo "2456"]
[BlackElo "2575"]
[TimeControl "180+2"]
[EndTime "14:57:52 PST"]
[Termination "riconaipe won by resignation"]

1. d4 Nf6 2. c4 g6 3. f3 Bg7 4.
e4 O-O 5. Nc3 d6 6. Nge2 Nc6 7.
Be3 a6 8. Qd2 Rb8 9. Rb1 Bd7 10.
b4 b5 11. cxb5 axb5 12. Nc1 e5 13. d5 Nd4 14. Nb3 Re8 15. Bd3 c6 16. dxc6 Bxc6 17.
O-O Nxb3 18. Rxb3 d5 19. exd5 Nxd5 20. Nxd5 Bxd5 21. Ra3 Re7 22. Rd1 Rd7 23. Qe2 Bc4 24. Rd2 Rxd3 25. Raxd3 Qh4 26. Qf2 Qxf2+ 27. Kxf2 Bxd3 28.
Rxd3 Ra8 29. a3 f5 30. Bb6 Ra6 31. Rd8+ Kf7 32. Rd7+ Kg8 33. Rd8+ Kf7 34. Rd7+ Kg8 35. Rd8+ Kf7 36. Rd7+ Kf8 37. Bc5+ Kg8 38. Rd8+ Kf7 39. Rd7+ Kf6 40. Rb7 Rxa3 41. Rxb5 Ra2+ 42. Kf1 Ra1+ 43. Kf2 Ra2+ 44. Kf1 f4 45. Rb7 Ra1+ 46. Ke2 Ra2+ 47.
Kf1 g5 48. Ra7 Rb2 49. Be7+ Kg6 50. Bc5 Rb1+ 51. Ke2 Rb2+ 52. Kd3 Rxg2 53. b5 Rxh2 54.
b6 Rb2 55. b7 g4 56. fxg4 f3 57. Ra6+ Kg5 58. Rb6 e4+ 59. Kxe4 Rxb6 60. Bxb6 Be5 61. Kxe5 1-0

[Event "*** Titled Tuesday Blitz"]
[Site "Chess.com"]
[Date "2019.01.01"]
[Round "8"]
[White "Hikaru"]
[Black "Paralinch"]
[Result "1/2-1/2"]
[WhiteElo "3042"]
[BlackElo "2927"]
[TimeControl "180+2"]
[EndTime "14:57:56 PST"]
[Termination "Game drawn by repetition"]

1. Nf3 d5 2. b3 Bf5 3. Bb2 e6 4. g3 h6 5. Bg2 Nf6 6. O-O Be7 7. d3 O-O 8. Ne5 Nbd7 9. Nd2 Nxe5 10. Bxe5 Bh7 11.
Bb2 a5 12. a3 c5 13. c4 a4 14. bxa4 Qa5 15. Rb1 Rfd8 16. Bxf6 Bxf6 17. cxd5 exd5 18. Rb5 Qc7 19. Qb3 Qe5 20. Bf3 Bg5 21. Rd1 Rac8 22. h4 Bxd2 23. Rxd2 Bf5 24. d4 cxd4 25.
Rxd5 Rxd5 26. Qxd5 Qxd5 27. Bxd5 d3 28. e4 Bd7 29. Rxd3 Bxa4 30. Bxb7 Rc1+ 31. Kg2 Bb5 32. Re3 g5 33. hxg5 hxg5 34. e5 Kg7 35. g4 Ba4 36. e6 fxe6 37. Rxe6 Rc3 38. Re3 Rc7 39. Bf3 Kf6 40. Rd3 Bd7 41. Rd6+ Kg7 42. Rd5 Kf6 43.
Ra5 Be6 44. Ra6 Ke5 45. Ra5+ Kf4 46. Ra4+ Ke5 47. Re4+ Kf6 48. a4 Rc3 49. Rd4 Ra3 50. Bc6 Ke5 51. Rb4 Ra1 52. Rb5+ Kf6 53. Rb4 Ke5 54.
f3 Ra2+ 55. Kg3 Ra1 56. Be4 Rg1+ 57. Kf2 Ra1 58. Ke3 Ra3+ 59. Bd3 Bd5 60. Rb5 Kd6 61. Rb4 Ke5 62. Rb5 Kd6 63. a5 Bc4 64. Rxg5 Bxd3 65. Kf2 Bc4 66. Rf5 Be6 67. Rh5 Bd5 68. Rf5 Rxa5 69. Kg3 Ra3 70. Rf4 Ke5 71. Rf5+ Ke6 72.
Rf4 Ke5 73. Rf5+ Ke6 74. Rf4 Ke5 1/2-1/2

[Event "*** Titled Tuesday Blitz"]
[Site "Chess.com"]
[Date "2019.01.01"]
[Round "8"]
[White "oskariot"]
[Black "VerdeNotte"]
[Result "1-0"]
[WhiteElo "2572"]
[BlackElo "2838"]
[TimeControl "180+2"]
[EndTime "14:58:06 PST"]
[Termination "oskariot won by resignation"]

1. c4 g6 2. g3 Bg7 3. Bg2 Nf6 4. Nc3 O-O 5. e4 c5 6. Nge2 Nc6 7. O-O d6 8. d3 Rb8 9. h3 a6 10. a4 Ne8 11. Be3 Nc7 12. d4 cxd4 13. Nxd4 Ne6 14.
Nde2 Bd7 15. b3 Nc5 16. Rb1 Nb4 17. Nd5 Nxd5 18. exd5 b5 19. axb5 axb5 20. b4 Na4 21. c5 Bf5 22. Rb3 Nb2 23. Rxb2 Bxb2 24. g4 Bc8 25.
Nd4 Ra8 26. Bh6 Re8 27. Qd2 Ba1 28. Nxb5 Bf6 29. Nd4 Qc7 30. c6 Qb6 31. Be3 Ba6 32.
Rb1 Bb5 33. Nxb5 Qxb5 34. Bf1 Qa4 35. b5 Qe4 36. Qd3 Qxd3 37. Bxd3 Ra3 38. Bf1 e6 39. b6 Bd8 40. c7 Bxc7 41. bxc7 Raa8 42. Bb5 Re7 43.
Bb6 exd5 44. Rc1 Kg7 45. Bd4+ Kh6 46. c8=Q Rxc8 47. Rxc8 Kg5 48. Be3+ Kh4 49. Kg2 f5 50.
gxf5 gxf5 51. Kf3 Re4 52. Bd3 Re5 53. Bf4 Re7 54. Bxf5 Rf7 55. Be6 Rf6 56. Re8 d4 57.
Kg2 Rg6+ 58. Bg3+ Kg5 59. Bg4 h5 60. Bd1 h4 61. Bh2 d3 62. Re3 d2 63. Rd3 Kf5+ 64.
Bg4+ Ke4 65. Rxd2 d5 66. f3+ Ke3 67. Rxd5 Ra6 68. Re5+ Kd3 69. Bg1 Ra2+ 70. Bf2 Kc4 71. Re4+ Kd3 72. Re3+ Kd2 73. f4 Ra4 74. Rf3 Ra7 75.
f5 Rf7 76. f6 1-0